 Dungeon Crawl Stone Soup version 0.31.0-32-g396128a36d (webtiles) character file.

Game seed: 15456030127260097147

269 mainiacjoe the Caller (level 6, -4/36 HPs)
             Began as an Octopode Summoner on Mar 30, 2024.
             Killed from afar by Natasha (9 damage)
             ... with a magic dart
             ... on level 3 of the Dungeon.
             The game lasted 00:07:09 (2102 turns).

mainiacjoe the Caller (Octopode Summoner)           Turns: 2102, Time: 00:07:10

Health: -4/36      AC:  1    Str:  7    XL:     6   Next: 22%
Magic:  9/9        EV: 13    Int: 19    God:
Gold:   173        SH:  0    Dex: 13    Spells: 0/9 levels left

rFire   . . .        a - +1 trident (venom)
rCold   . . .        (no shield)
rNeg    . . .        (helmet restricted)
rPois   .            e - amulet of magic regeneration
rElec   .            (no ring)
rCorr   .            (no ring)
SInv    .            (no ring)
Will    .....        (no ring)
Stlth   +++          (no ring)
HPRegen 0.26/turn    (no ring)
MPRegen 0.51/turn    (no ring)
                     (no ring)

%: no passive effects
@: slowed, very slow
A: almost no armour, amphibious, 8 rings, camouflage 1, gelatinous body 1,
(nimble swimmer 1), tentacles
a: no special abilities


You were on level 3 of the Dungeon.
You visited 1 branch of the dungeon, and saw 3 of its levels.

You collected 173 gold pieces.

Inventory:

Hand Weapons
 a - a +1 trident of venom (weapon)
 b - a +0 sling of flaming
 g - a +0 club
 l - a +1 heavy dagger
 m - a +0 trident
Missiles
 f - 19 stones
Armour
 c - an orb of energy
Jewellery
 e - an amulet of magic regeneration (around mantle)
Potions
 d - 2 potions of berserk rage
 h - a potion of magic
 i - 2 potions of might {unknown}
 j - a potion of curing {unknown}
 n - a potion of ambrosia {unknown}
 o - 2 potions of degeneration {unknown}


   Skills:
 - Level 2.0 Dodging
 - Level 2.6 Stealth
 - Level 2.0 Spellcasting
 + Level 7.2 Summonings
 + Level 0.6 Ice Magic


You couldn't memorise any spells.
You knew the following spells:

 Your Spells              Type           Power      Damage    Failure   Level
a - Summon Small Mammal   Summ           100%       N/A       1%          1
b - Call Imp              Summ           58%        N/A       1%          2
c - Call Canine Familiar  Summ           29%        N/A       2%          3
d - Summon Ice Beast      Ice/Summ       16%        N/A       10%         3

Your spell library contained the following spells:

 Spells                   Type           Power      Damage    Failure   Level
 Summon Blazeheart Golem  Fire/Summ      15%        N/A       36%         4
 Summon Lightning Spire   Summ/Air       15%        N/A       36%         4
 Hailstorm                Conj/Ice       3%         3d5       41%         3
 Sculpt Simulacrum        Ice/Alch       1%         N/A       100%        6


Dungeon Overview and Level Annotations

Branches:
Dungeon (3/15)

Altars:

Annotations:
D:2 1 runed translucent door, Crazy Yiuf
D:3 Natasha


Innate Abilities, Weirdness & Mutations

You cannot wear most types of armour.
You are amphibious.
You can wear up to eight rings at the same time.
Your skin changes colour to match your surroundings (Stealth+).
Your rubbery body absorbs attacks. (AC +1, EV +1)
((You are camouflaged when in or above water. (Stealth+)))
You have tentacles for arms and can constrict up to eight enemies at once.


Message History

An orc and an orc priest come into view.
The orc is wielding a +1 hand axe of flaming.
Things that are here:
a +0 hand axe of electrocution; a +0 scale mail A jackal comes into view.
The orc throws a stone.
The stone hits you.
* * * LOW HITPOINT WARNING * * *
The jackal attacks as it pursues you! The jackal bites you.
* * * LOW HITPOINT WARNING * * *
The jackal barely misses you.
The orc throws a stone.
The stone hits you.
* * * LOW HITPOINT WARNING * * *
The jackal closely misses you. The jackal attacks as it pursues you!
The jackal bites you.
* * * LOW HITPOINT WARNING * * *
The jackal attacks as it pursues you! The jackal bites you.
* * * LOW HITPOINT WARNING * * *
The jackal closely misses you. The jackal attacks as it pursues you!
The jackal closely misses you.
You barely miss the jackal. You grab the jackal. You squeeze the jackal.
You kill the jackal!
Natasha, Servant of Life and Death comes into view.
The orc throws a stone.
The stone barely misses you.
As you read the scroll of teleportation, it crumbles to dust.
You feel strangely unstable.
Natasha hisses angrily.
Natasha stares at you and mumbles some strange words.
You feel yourself slow down.
The orc hits you with a +1 hand axe of flaming.
* * * LOW HITPOINT WARNING * * *
The orc burns you.
* * * LOW HITPOINT WARNING * * *
Natasha casts a spell at you. You resist with some effort.
The orc attacks as it pursues you! The orc misses you.
Your surroundings suddenly seem different.
Natasha casts a spell at you. The magic dart hits you!
You die...
Natasha begins licking her fur clean.

...##.....###...#* *,*
##.##.##### #....# *,* ....#.#
##...## *,* .#....# #...h# *,*
.#...>########....#***********,*
,####.............#,,,,,,,,,,,,*
,* #.########....#**********,,*
,* #.# #....# *,,* ,* #.# #..@#*
*,,* ,* #.# #...# *,,* ,* #.#
#..## *,,* ,* #.# #..* *,,** ,*
#.########.#* *,,,, ,*
#..|Y[...#.* *,*** **
#.######..[# *,* #.# *#### *,*
#.# *,*


You could see Natasha.

Vanquished Creatures
  A ribbon worm (D:2)
  A dart slug (D:2)
  An orc (D:3)
  2 bats
  An endoplasm (D:2)
  A giant cockroach (D:2)
  A goblin (D:2)
  A hobgoblin (D:2)
  3 jackals
  2 kobolds
  A quokka (D:2)
  A ball python (D:3)
  2 frilled lizards (D:2)
  A rat (D:3)
19 creatures vanquished.

Vanquished Creatures (collateral kills)
  Sigmund (D:2)
  Terence (D:3)
  3 adders (D:2)
  2 dart slugs (D:1)
  2 endoplasms (D:2)
  2 giant cockroaches
  5 hobgoblins
  A jackal (D:1)
  A quokka (D:2)
  2 ball pythons
  A frilled lizard (D:2)
  4 goblins
  5 kobolds
  2 rats (D:2)
32 creatures vanquished.

Grand Total: 51 creatures vanquished

Notes
Turn   | Place    | Note
-------+----------+-------------------------------------------
     0 | D:1      | mainiacjoe the Octopode Summoner began the quest for the
                  | Orb.
     0 | D:1      | Reached XP level 1. HP: 11/11 MP: 3/3
   296 | D:1      | Reached XP level 2. HP: 17/17 MP: 3/5
   475 | D:1      | Learned a level 2 spell: Call Imp
   932 | D:2      | Reached XP level 3. HP: 17/21 MP: 6/6
   936 | D:2      | Learned a level 3 spell: Call Canine Familiar
  1004 | D:2      | Reached skill level 5 in Summonings
  1222 | D:2      | Reached XP level 4. HP: 27/27 MP: 7/7
  1451 | D:2      | Noticed Sigmund
  1461 | D:2      | Killed Sigmund
  1462 | D:2      | Reached skill level 7 in Summonings
  1462 | D:2      | Reached XP level 5. HP: 27/31 MP: 4/8
  1462 | D:2      | Reached XP level 6. HP: 31/36 MP: 4/9
  1504 | D:2      | Found a runed translucent door.
  1505 | D:2      | Noticed Crazy Yiuf
  1834 | D:3      | Learned a level 3 spell: Summon Ice Beast
  1879 | D:3      | Noticed Terence
  1900 | D:3      | Killed Terence
  2047 | D:3      | Found a faded altar of an unknown god.
  2094 | D:3      | Noticed Natasha
  2102 | D:3      | Killed from afar by Natasha

Illustrated notes

Levels and vault maps discovered:
D:1:      saegor_arrival_simple_e, layout_loops_ring
D:2:      layout_rooms, minmay_heptomino_h4, uniq_sigmund,
          uniq_crazy_yiuf_cottage
D:3:      layout_basic, hellmonk_ecumenical_altar_zigzags, uniq_natasha,
          uniq_terence, uniq_jessica

Skill      XL: |  1  2  3  4 |
---------------+-------------+-----
Summonings     | 5 7 |  7.2
Dodging        | |  2.0
Stealth        | |  2.6
Spellcasting   | |  2.0
Ice Magic      | |  0.6

Action                     |  1- 3 |  4- 6 || total
---------------------------+-------+-------++-------
  Melee: Dagger            |    26 |       ||    26
         Constrict         |     7 |     2 ||     9
         Tentacles         |     5 |     1 ||     6
         Club              |     1 |       ||     1
         Unarmed           |     1 |       ||     1
         Trident           |       |     7 ||     7
   Fire: Sling             |       |    12 ||    12
   Cast: Summon Small Mamm |    19 |     3 ||    22
         Call Imp          |     5 |     5 ||    10
         Call Canine Famil |     1 |     3 ||     4
         Summon Ice Beast  |       |     1 ||     1
    Use: Scroll            |     3 |     6 ||     9
   Stab: Sleeping          |     1 |     2 ||     3
 Armour: Skin              |    14 |    10 ||    24
  Dodge: Dodged            |    30 |     7 ||    37
